SAA
BETHESDA ATOMS @ CASPER GHOSTS
09/03/2026
 
TOP OF THE 1ST
Bethesda Atoms batting - Pitching for Casper Ghosts : RHP Earl Simmons
Pitching: RHP Earl Simmons
Batting: RHB Juan Camacho 0-0: Foul Ball, location: 2F
0-1: Swinging Strike
0-2: Ball
1-2: Strikes out swinging
Batting: RHB Marc Beck 0-0: Called Strike
0-1: Called Strike
0-2: Ball
1-2: Ball
2-2: Ball
3-2: Ground out 5-3 (Groundball, 5L)
Batting: RHB Enrique Ibarra 0-0: Fly out, F6 (Popup, 6D)
Top of the 1st over - 0 run(s), 0 hit(s), 0 error(s), 0 left on base; Bethesda 0 - Casper 0
BOTTOM OF THE 1ST
Casper Ghosts batting - Pitching for Bethesda Atoms : LHP Arnie Banks
Pitching: LHP Arnie Banks
Batting: RHB Ricardo Cardenas 0-0: Ball
1-0: Fly out, F9 (Flyball, 89M)
Batting: RHB Vojtech Farkas 0-0: Foul Ball, location: 2F
0-1: Ground out 1-3 (Groundball, P)
Batting: RHB Mesa Altuve 0-0: Called Strike
0-1: Called Strike
0-2: Ball
1-2: Strikes out swinging
Bottom of the 1st over - 0 run(s), 0 hit(s), 0 error(s), 0 left on base; Bethesda 0 - Casper 0
TOP OF THE 2ND
Bethesda Atoms batting - Pitching for Casper Ghosts : RHP Earl Simmons
Batting: RHB Leroy Rijerkerk 0-0: Fly out, F8 (Flyball, 8LD)
Batting: RHB José Leyva 0-0: Called Strike
0-1: Foul Ball, location: 2F
0-2: Ball
1-2: Strikes out swinging
Batting: RHB Beau Murphy 0-0: Ball
1-0: Ball
2-0: Called Strike
2-1: Swinging Strike
2-2: Foul Ball, location: 2F
2-2: Strikes out swinging
Top of the 2nd over - 0 run(s), 0 hit(s), 0 error(s), 0 left on base; Bethesda 0 - Casper 0
BOTTOM OF THE 2ND
Casper Ghosts batting - Pitching for Bethesda Atoms : LHP Arnie Banks
Batting: RHB Ron Coffman 0-0: Swinging Strike
0-1: Foul Ball, location: 2F
0-2: Strikes out swinging
Batting: SHB Erjan Kerstens 0-0: Ball
1-0: Ball
2-0: Foul Ball, location: 2F
2-1: Fly out, F7 (Line Drive, 7S)
Batting: RHB Anbrosio Oppenes 0-0: Called Strike
0-1: Ball
1-1: Swinging Strike
1-2: Strikes out swinging
Bottom of the 2nd over - 0 run(s), 0 hit(s), 0 error(s), 0 left on base; Bethesda 0 - Casper 0
TOP OF THE 3RD
Bethesda Atoms batting - Pitching for Casper Ghosts : RHP Earl Simmons
Batting: RHB Carlos Deleón 0-0: Ball
1-0: Ball
2-0: Ball
3-0: Base on Balls
Batting: RHB William Walls 0-0: Called Strike
0-1: Ball
1-1: Ball
2-1: Swinging Strike
2-2: Foul Ball, location: 2F
2-2: Grounds into double play, 6-4-3 (Groundball, 6)
Batting: RHB Ernesto López 0-0: Ball
1-0: Foul Ball, location: 2F
1-1: Fly out, F8 (Flyball, 8RM)
Top of the 3rd over - 0 run(s), 0 hit(s), 0 error(s), 0 left on base; Bethesda 0 - Casper 0
BOTTOM OF THE 3RD
Casper Ghosts batting - Pitching for Bethesda Atoms : LHP Arnie Banks
Batting: LHB Kyle Mann 0-0: Called Strike
0-1: Ball
1-1: Ball
2-1: SINGLE (Flyball, 78S)
Batting: RHB Manny Maltby 0-0: Ball
1-0: Ball
2-0: Foul Ball, location: 2F
2-1: SINGLE (Line Drive, 89S)
Kyle Mann to second
Batting: SHB Alonso Rodríguez 0-0: Swinging Strike
0-1: Called Strike
0-2: Foul Ball, location: 2F
0-2: Foul Ball, location: 2F
0-2: Strikes out swinging
Batting: RHB Ricardo Cardenas 0-0: Ball
1-0: Called Strike
Kyle Mann steals 3rd base
Manny Maltby to second
1-1: Fly out, F8 (Flyball, 8LM)
Runner from 3rd tags up, SCORES, no throw
Batting: RHB Vojtech Farkas 0-0: Ground out 5-3 (Groundball, 5)
Bottom of the 3rd over - 1 run(s), 2 hit(s), 0 error(s), 1 left on base; Bethesda 0 - Casper 1
TOP OF THE 4TH
Bethesda Atoms batting - Pitching for Casper Ghosts : RHP Earl Simmons
Batting: RHB Juan Camacho 0-0: Swinging Strike
0-1: Foul Ball, location: 2F
0-2: Ball
1-2: Strikes out looking
Batting: RHB Marc Beck 0-0: Ball
1-0: Called Strike
1-1: Ball
2-1: Called Strike
2-2: Strikes out swinging
Batting: RHB Enrique Ibarra 0-0: Called Strike
0-1: Foul Ball, location: 2F
0-2: Foul Ball, location: 2F
0-2: Strikes out looking
Top of the 4th over - 0 run(s), 0 hit(s), 0 error(s), 0 left on base; Bethesda 0 - Casper 1
BOTTOM OF THE 4TH
Casper Ghosts batting - Pitching for Bethesda Atoms : LHP Arnie Banks
Batting: RHB Mesa Altuve 0-0: Called Strike
0-1: Ball
1-1: Fly out, F5 (Line Drive, 5)
Batting: RHB Ron Coffman 0-0: Ball
1-0: Ball
2-0: Called Strike
2-1: Foul Ball, location: 2F
2-2: Fly out, F8 (Flyball, 78D)
Batting: SHB Erjan Kerstens 0-0: Called Strike
0-1: Ball
1-1: Swinging Strike
1-2: DOUBLE (Flyball, 78D)
Batting: RHB Anbrosio Oppenes 0-0: Ball
1-0: Ball
2-0: Foul Ball, location: 2F
2-1: Swinging Strike
2-2: Foul Ball, location: 2F
2-2: Foul Ball, location: 2F
2-2: Foul Ball, location: 2F
2-2: Ball
3-2: TRIPLE (Flyball, 9LD)
Erjan Kerstens scores
Batting: LHB Kyle Mann 0-0: Ball
1-0: Ball
2-0: Ball
3-0: Called Strike
3-1: Base on Balls
Batting: RHB Manny Maltby 0-0: Called Strike
Pickoff Throw to First - Out!
Bottom of the 4th over - 1 run(s), 2 hit(s), 0 error(s), 0 left on base; Bethesda 0 - Casper 2
TOP OF THE 5TH
Bethesda Atoms batting - Pitching for Casper Ghosts : RHP Earl Simmons
Batting: RHB Leroy Rijerkerk 0-0: Called Strike
0-1: Ball
1-1: Ball
2-1: Ball
3-1: Base on Balls
Batting: RHB José Leyva 0-0: Swinging Strike
0-1: Grounds into double play, 6-4-3 (Groundball, 6)
Batting: RHB Beau Murphy 0-0: Ball
1-0: Swinging Strike
1-1: Called Strike
1-2: Strikes out looking
Top of the 5th over - 0 run(s), 0 hit(s), 0 error(s), 0 left on base; Bethesda 0 - Casper 2
BOTTOM OF THE 5TH
Casper Ghosts batting - Pitching for Bethesda Atoms : LHP Arnie Banks
Batting: RHB Manny Maltby 0-0: Called Strike
0-1: Called Strike
0-2: Ball
1-2: Ball
2-2: Ball
3-2: Base on Balls
Batting: SHB Alonso Rodríguez 0-0: Called Strike
Manny Maltby steals 2nd base
0-1: Foul Ball, location: 2F
0-2: Strikes out swinging
Batting: RHB Ricardo Cardenas 0-0: Ball
1-0: Ground out 6-3 (Groundball, 6)
Manny Maltby to third
Batting: RHB Vojtech Farkas 0-0: Foul Ball, location: 2F
0-1: Ball
1-1: Foul Ball, location: 2F
1-2: Foul Ball, location: 2F
1-2: Ball
2-2: Foul Ball, location: 2F
2-2: Ball
3-2: Base on Balls
Batting: RHB Mesa Altuve 0-0: Ball
1-0: Fly out, F8 (Flyball, 8LM)
Bottom of the 5th over - 0 run(s), 0 hit(s), 0 error(s), 2 left on base; Bethesda 0 - Casper 2
TOP OF THE 6TH
Bethesda Atoms batting - Pitching for Casper Ghosts : RHP Earl Simmons
Batting: RHB Carlos Deleón 0-0: Ball
1-0: Fly out, F9 (Flyball, 9LS)
Batting: RHB William Walls 0-0: Foul Ball, location: 2F
0-1: Foul Ball, location: 2F
0-2: Ball
1-2: Foul Ball, location: 2F
1-2: Foul Ball, location: 2F
1-2: Reached on error, E5 (Groundball, 5)
Batting: RHB Ernesto López 0-0: Ball
1-0: Ball
2-0: Fly out, F4 (Popup, 4D)
Batting: RHB Juan Camacho 0-0: Ball
1-0: Ball
2-0: Called Strike
2-1: Fielders Choice at 2nd, 6-4 (Groundball, 6)
Top of the 6th over - 0 run(s), 0 hit(s), 1 error(s), 0 left on base; Bethesda 0 - Casper 2
BOTTOM OF THE 6TH
Casper Ghosts batting - Pitching for Bethesda Atoms : LHP Arnie Banks
Batting: RHB Ron Coffman 0-0: Swinging Strike
0-1: Called Strike
0-2: Ball
1-2: Ground out 6-3 (Groundball, 6)
Batting: SHB Erjan Kerstens 0-0: Swinging Strike
0-1: Ball
1-1: Ball
2-1: Ball
3-1: Foul Ball, location: 2F
3-2: Ground out 5-3 (Groundball, 56S)
Batting: RHB Anbrosio Oppenes 0-0: Ball
1-0: Ball
2-0: Ball
3-0: Foul Ball, location: 2F
3-1: Base on Balls
Pitching: RHP Matt Davenport
Batting: LHB Kyle Mann 0-0: Called Strike
0-1: Called Strike
0-2: Ball
1-2: Ground out U3 (Groundball, 3L)
Bottom of the 6th over - 0 run(s), 0 hit(s), 0 error(s), 1 left on base; Bethesda 0 - Casper 2
TOP OF THE 7TH
Bethesda Atoms batting - Pitching for Casper Ghosts : RHP Earl Simmons
Batting: RHB Marc Beck 0-0: Ball
1-0: Foul Ball, location: 2F
1-1: Ball
2-1: Fly out, F7 (Flyball, 7)
Batting: RHB Enrique Ibarra 0-0: SINGLE (Line Drive, 89S)
Batting: RHB Leroy Rijerkerk 0-0: Ball
1-0: SINGLE (Line Drive, 4MD)
Enrique Ibarra to second
Batting: RHB José Leyva 0-0: Called Strike
0-1: Ball
1-1: Called Strike
1-2: Strikes out swinging
Pinch Hitting: RHB Jim Unknown 0-0: Ball
1-0: Ball
2-0: Fly out, F9 (Flyball, 9D)
Top of the 7th over - 0 run(s), 2 hit(s), 0 error(s), 2 left on base; Bethesda 0 - Casper 2
BOTTOM OF THE 7TH
Casper Ghosts batting - Pitching for Bethesda Atoms : RHP Matt Davenport
Now at 2B: Jim Unknown
Batting: RHB Manny Maltby 0-0: Called Strike
0-1: Called Strike
0-2: Ball
1-2: Ball
2-2: Ball
3-2: Foul Ball, location: 2F
3-2: Fly out, F5 (Popup, 56)
Batting: SHB Alonso Rodríguez 0-0: Ball
1-0: Ground out 4-3 (Groundball, 4M)
Batting: RHB Ricardo Cardenas 0-0: Called Strike
0-1: Ball
1-1: Ball
2-1: Swinging Strike
2-2: Ball
3-2: Base on Balls
Batting: RHB Vojtech Farkas 0-0: DOUBLE (Line Drive, 89XD)
Ricardo Cardenas to third
Pinch Hitting: SHB Spencer Landes 0-0: Ground out 1-3 (Groundball, 13S)
Bottom of the 7th over - 0 run(s), 1 hit(s), 0 error(s), 2 left on base; Bethesda 0 - Casper 2
TOP OF THE 8TH
Bethesda Atoms batting - Pitching for Casper Ghosts : RHP Earl Simmons
Now at SS: Tim Fowler
Batting: RHB Carlos Deleón 0-0: Called Strike
0-1: Swinging Strike
0-2: Ball
1-2: Ball
2-2: Strikes out swinging
Batting: RHB William Walls 0-0: Ball
1-0: Ball
2-0: Called Strike
2-1: Foul Ball, location: 2F
2-2: Foul Ball, location: 2F
2-2: SINGLE (Line Drive, 9LS)
Batting: RHB Ernesto López 0-0: Ball
1-0: Ball
2-0: SINGLE (Line Drive, 34)
William Walls to second
Pitching: RHP Jim Unknown
Pinch Hitting: LHB Jim Unknown 0-0: Ball
1-0: Ball
2-0: Foul Ball, location: 2F
2-1: SINGLE (Line Drive, 7S)
William Walls to third
Ernesto López to second
Runner from 3rd tries for Home, SAFE, no throw
Pinch Hitting: LHB Raúl Godines 0-0: Ball
1-0: Foul Ball, location: 2F
1-1: Ball
2-1: Foul Ball, location: 2F
2-2: Grounds into double play, 4-6-3 (Groundball, 4)
Top of the 8th over - 1 run(s), 3 hit(s), 0 error(s), 1 left on base; Bethesda 1 - Casper 2
BOTTOM OF THE 8TH
Casper Ghosts batting - Pitching for Bethesda Atoms : RHP Matt Davenport
Now in CF: Enoch Reinhardt
Now in RF: Jim Unknown
Batting: RHB Ron Coffman 0-0: Called Strike
0-1: Foul Ball, location: 2F
0-2: Ball
1-2: Strikes out swinging
Batting: SHB Erjan Kerstens 0-0: SINGLE (Groundball, 2R) (infield hit)
Pinch Hitting: LHB Iemitsu Hatsutori 0-0: Called Strike
0-1: Ball
1-1: Ball
2-1: Foul Ball, location: 2F
2-2: Ball
3-2: Grounds into double play, 4-6-3 (Groundball, 4)
Bottom of the 8th over - 0 run(s), 1 hit(s), 0 error(s), 0 left on base; Bethesda 1 - Casper 2
TOP OF THE 9TH
Bethesda Atoms batting - Pitching for Casper Ghosts : RHP Jim Unknown
Now at 1B: Iemitsu Hatsutori
Batting: RHB Enrique Ibarra 0-0: Called Strike
0-1: Foul Ball, location: 2F
0-2: Strikes out swinging
Pinch Hitting: SHB Arnold Bunch 0-0: Ball
1-0: Called Strike
1-1: Ball
2-1: Ball
3-1: Base on Balls
Pinch Hitting: SHB Shawn Sánchez 0-0: Foul Ball, location: 2F
0-1: Swinging Strike
0-2: Ball
1-2: Strikes out looking
Batting: RHB Jim Unknown 0-0: Swinging Strike
0-1: Fly out, F8 (Flyball, 8LXD)
Top of the 9th over - 0 run(s), 0 hit(s), 0 error(s), 1 left on base; Bethesda 1 - Casper 2
Monday, March 20th, 2017 - OOTP Baseball 17.12 Build 75